 Dungeon Crawl Stone Soup version 0.20-a0-494-gf50ee04 (webtiles) character file.

331 tsouns the Sneak (level 6, -3/49 HPs)
             Began as a Merfolk Wanderer on Jan 17, 2017.
             Was a Believer of Uskayaw.
             Killed by nerve-wracking pain
             ... invoked by an orc priest
              (9 damage)
             ... on level 4 of the Dungeon.
             The game lasted 00:15:50 (4771 turns).

tsouns the Sneak (Merfolk Wanderer)                 Turns: 4771, Time: 00:15:51

Health: -3/49      AC:  4    Str: 10    XL:     6   Next: 51%
Magic:  7/7        EV: 11    Int: 12    God:    Uskayaw [**....]
Gold:   189        SH:  0    Dex: 17    Spells: 3/7 levels left

rFire    . . .     SeeInvis .   a - +2 dagger
rCold    . . .     Gourm    .   e - +1 robe
rNeg     . . .     Faith    .   (no shield)
rPois    .         Spirit   .   l - +0 helmet
rElec    .         Reflect  .   (no cloak)
rCorr    .         Harm     .   (no gloves)
MR       .....                  (no boots)
Stlth    +++.......             (no amulet)
Regen    0.2/turn               (no ring)
                                (no ring)

@: no status effects
A: change form in water, swift swim, stealthy swim
a: Stomp, Line Pass, Renounce Religion


You were on level 4 of the Dungeon.
You worshipped Uskayaw.
Uskayaw was noncommittal.
You were not hungry.

You visited 1 branch of the dungeon, and saw 4 of its levels.

You collected 189 gold pieces.

Inventory:

Hand Weapons
 a - a +2 dagger (weapon)
 c - a +0 short sword
Missiles
 g - 201 stones (quivered)
Armour
 e - a +1 robe (worn)
 l - a +0 helmet (worn)
 o - a +0 buckler
Wands
 d - a wand of lightning (0/15)
 u - a wand of confusion (5/48)
Scrolls
 h - a scroll of teleportation
 t - a scroll of enchant weapon
 v - a scroll of remove curse
Potions
 j - a potion of might
 k - a potion of flight
Comestibles
 b - 6 chunks of flesh
 f - 3 bread rations
 m - a meat ration
 n - 4 fruits


   Skills:
 + Level 4.4 Fighting
 + Level 4.3 Short Blades
 + Level 5.0 Stealth
 - Level 1.0 Spellcasting
   Level 1.0 Summonings
 - Level 2.4 Necromancy


You had 3 spell levels left.
You knew the following spells:

 Your Spells              Type           Power        Failure   Level  Hunger
a - Corpse Rot            Necr           N/A          17%         2    ###....
b - Sublimation of Blood  Necr           #.........   17%         2    ###....


Dungeon Overview and Level Annotations

Branches:
Dungeon (4/15)             Temple (0/1) D:4

Altars:
Ashenzari
Okawaru
Qazlal
Uskayaw
Yredelemnul
Zin
The Shining One


Message History

Aim: an orc priest, wearing a chain mail You hear a mighty clap of thunder!
The bolt of lightning hits the orc priest.
The orc priest is almost dead.
The bolt of lightning hits the orc.
You kill the orc!
Evoking this partially-identified wand wasted a few charges.
You hear a shout!
The orc priest mumbles some strange prayers to Beogh against you.
Beogh smites you!
* * * LOW HITPOINT WARNING * * *
You can now pass through a line of other dancers.
Evoke which item? (* to show all) (? for menu, Esc to quit)
Aiming: Lightning Bolt (will waste charges)
Press: ? - help, Shift-Dir - straight line, f/p - orc priest
Aim: an orc priest, wearing a chain mail (almost dead) Nothing appears to happen.
The orc priest mumbles some strange prayers to Beogh against you.
Pain shoots through your body!
You die...

..###...##.........##
.....#..##..........## #
#...###..#...........# ###
.....#.##............## ###..
#.....####............## ####...#
#......................###...####
###....................#...######
####.....#.............###.o...
#...###....@.o.).#####......
#...# ########..## ##.......
##...# ##†.###........ #...##
#.)#.......... #...#
##............ #...#
##........... ##..## #...........
#...# ##.......... #..##
#..........


You could see an orc priest.

Vanquished Creatures
  An ogre (D:4)
  A bullfrog zombie (D:3)
  An orc priest (D:4)
  A worker ant (D:4)
  Robin (D:3)
  A howler monkey skeleton (D:4)
  2 adders
  2 adder skeletons (D:4)
  3 worms
  5 dart slugs
  3 leopard geckos
  3 orcs (D:4)
  12 bats
  4 giant cockroaches
  10 goblins
  14 hobgoblins
  4 jackals
  2 quokkas (D:2)
  3 ball pythons
  6 frilled lizards
  9 kobolds
  8 rats
96 creatures vanquished.

Notes
Turn   | Place    | Note
-------+----------+-------------------------------------------
     0 | D:1      | tsouns the Merfolk Wanderer began the quest for the Orb.
     0 | D:1      | tsouns set off with: a +2 dagger, a potion of berserk rage, a +0 short sword, the Guide on Darkness, a +0 robe, a bread ration
     0 | D:1      | Reached XP level 1. HP: 16/16 MP: 2/2
     0 | D:1      | Identified the Guide on Darkness
   104 | D:1      | Reached XP level 2. HP: 17/23 MP: 3/3
   290 | D:1      | You fall through a shaft!
   627 | D:1      | Reached XP level 3. HP: 23/28 MP: 4/4
  1300 | D:2      | Learned a level 2 spell: Corpse Rot
  1303 | D:2      | Learned a level 2 spell: Sublimation of Blood
  1311 | D:2      | Reached skill level 3 in Stealth
  1831 | D:2      | Reached XP level 4. HP: 26/35 MP: 0/5
  2019 | D:2      | Found a glowing golden altar of the Shining One.
  2639 | D:3      | Noticed Robin
  2944 | D:3      | Found a glowing silver altar of Zin.
  3013 | D:3      | Killed Robin
  3092 | D:3      | Found a shattered altar of Ashenzari.
  3155 | D:3      | Reached skill level 4 in Stealth
  3321 | D:3      | Reached XP level 5. HP: 38/41 MP: 6/6
  3354 | D:3      | Found a faded altar of an unknown god.
  3648 | D:3      | Became a worshipper of Uskayaw the Reveler
  3648 | D:3      | Reached * piety under Uskayaw
  3716 | D:4      | Found a stormy altar of Qazlal.
  3745 | D:4      | Reached ** piety under Uskayaw
  3751 | D:4      | Reached *** piety under Uskayaw
  3983 | D:4      | Found a staircase to the Ecumenical Temple.
  4061 | D:4      | Found a basalt altar of Yredelemnul.
  4113 | D:4      | Found an iron altar of Okawaru.
  4401 | D:4      | Noticed an ogre
  4612 | D:4      | Killed an ogre
  4612 | D:4      | Reached XP level 6. HP: 49/49 MP: 7/7
  4762 | D:4      | Reached skill level 5 in Stealth
  4771 | D:4      | Killed from afar by an orc priest

Vault maps used:
D:1:      lightli_arrival_windingriver, st_stairs_14, minmay_crystal_water
D:2:      tso_metal_star
D:3:      zin_treasury, ashenzari_altar_1,
          chequers_ecumenical_altar_simple_redux, uniq_robin
D:4:      yredelemnul_altar_generic, okawaru_trees_1, minmay_ruined_shrine

Skill      XL: |  1  2  3  4  5  6 |
---------------+-------------------+-----
Short Blades   | 2 3 4 |  4.3
Stealth        | 3 4 5 |  5.0
Fighting       | 3 4 |  4.4
Spellcasting   | |  1.0
Summonings     | |  1.0
Necromancy     | |  2.4

Action                   |  1- 3 |  4- 6 || total
-------------------------+-------+-------++-------
Melee: Dagger            |   126 |   278 ||   404
Throw: Stone             |     2 |       ||     2
 Cast: Corpse Rot        |     1 |     3 ||     4
Evoke: Wand              |       |     7 ||     7
  Use: Scroll            |     5 |    10 ||    15
       Potion            |     1 |     6 ||     7
 Stab: Sleeping          |     8 |     3 ||    11
       Distracted        |       |     1 ||     1
       Confused          |       |     2 ||     2
  Eat: Chunk             |     3 |     6 ||     9
       Royal jelly       |       |     1 ||     1
       Pizza             |       |     1 ||     1
       Beef jerky        |       |     1 ||     1
Armor: Robe              |    17 |    67 ||    84
Dodge: Dodged            |    47 |   141 ||   188
